 Dungeon Crawl Stone Soup version 0.21-a0-128-gf2b353c (webtiles) character file.

46 Jamella the Insei (level 3, 0/29 HPs)
             Began as a Mummy Monk on July 16, 2017.
             Slain by a hobgoblin
             ... wielding a +0 club
             ... led by Robin
              (6 damage)
             ... on level 1 of the Dungeon.
             The game lasted 00:04:38 (1925 turns).

Jamella the Insei (Mummy Monk)                      Turns: 1925, Time: 00:04:38

Health: 0/29       AC:  0    Str: 14    XL:     3   Next: 46%
Magic:  3/3        EV: 13    Int: 14    God:
Gold:   33         SH:  0    Dex: 15    Spells: 2/2 levels left

rFire    x . .     SeeInvis .     - Unarmed
rCold    + . .     Gourm    .   (no shield)
rNeg     + + +     Faith    .   (no armour)
rPois    ∞         Spirit   .   (no helmet)
rElec    .         Reflect  .   (no cloak)
rCorr    .         Harm     .   (no gloves)
MR       .....                  (no boots)
Stlth    ++........             (no amulet)
HPRegen  0.09/turn              (no ring)
MPRegen  0.08/turn              e - +5 ring of intelligence

@: no status effects
A: no food or potions, fire vulnerability, cold resistance 1, negative energy
resistance 3, torment resistance, unbreathing
a: no special abilities


You were on level 1 of the Dungeon.
You were not hungry.

You visited 1 branch of the dungeon, and saw 2 of its levels.

You collected 33 gold pieces.


Innate Abilities, Weirdness & Mutations

You do not eat or drink.
Your flesh is vulnerable to fire.
You are immune to poison.
Your flesh is cold resistant. (rC+)
You are immune to negative energy. (rN+++)
You are immune to unholy pain and torment.
You can survive without breathing.


   Skills:
 - Level 3.0 Fighting
 - Level 2.4 Dodging
 - Level 1.5 Stealth
 + Level 3.7 Unarmed Combat


You had 2 spell levels left.
You didn't know any spells.

Inventory:

Jewellery
 e - a +5 ring of intelligence (right hand)
Scrolls
 b - a scroll of enchant weapon {unknown}
 c - a scroll of recharging {unknown}
 d - a scroll of noise {unknown}

Dungeon Overview and Level Annotations

Branches:
Dungeon (2/15)

Altars:

Annotations:
D:2 Robin

▒......▒▒▒▒.................▒ ▒
▒..†.▒.......▒.▒.▒.▒.....)..▒▒▒▒▒
▒▒▒.▒▒▒▒▒▒▒▒▒▒......%..........▒.
▒............▒.▒.▒▒......▒▒▒.▒.
▒▒▒▒▒▒▒▒▒▒▒▒▒..............▒.▒.
▒.....)..▒.▒.▒▒▒▒▒▒▒▒▒.▒.▒.
▒.▒▒▒▒▒▒▒.g)...........▒.▒.
▒▒▒▒▒.▒▒▒▒▒..▒g▒g▒...▒▒▒▒▒▒▒.▒.
▒............gMl.........▒ ▒.▒.
▒.........!..▒g▒.▒.......▒ ▒.▒.
▒........................▒ ▒.▒.
▒▒▒▒▒▒▒▒.....▒.▒.▒.......▒ ▒.▒.
▒...▒......▒▒▒....▒▒▒'▒.
▒...▒.▒.▒.▒▒ ▒....▒▒....
▒...▒......▒ ▒....▒▒....
▒...▒.▒.▒.▒▒ ▒....''....
▒...▒......▒ ▒....▒▒....


You could see a leopard gecko, 2 hobgoblins and 3 goblins.


Message History

Level annotation: Robin The hobgoblin hits you!
The leopard gecko bites you!
Robin roars a battlecry!!!
The goblins go into a battle-frenzy!!!
The goblin hits you with a club! The goblin closely misses you!
The hobgoblin hits you with a club!!! * * * don't die
* * * The hobgoblin misses you!
The leopard gecko hisses menacingly!
The leopard gecko bites you! * * * don't die
* * * Robin says, "Kneel, worm!!!"
The goblin closely misses you! The goblin barely misses you!
There is a stone staircase leading up here!
You take 19 damage, and have 10/29 hp!
MASSIVE DAMAGE!!!!!!
The leopard gecko bites you! * * * don't die
* * * The hobgoblin misses you!
The hobgoblin closely misses you! The goblin barely misses you!
The goblin closely misses you! The goblin barely misses you!
You climb upwards!
There is a stone staircase leading down here!
You take 2 damage, and have 8/29 hp!
Unknown command!
As you read the scroll labeled MYISSA JAED, it crumbles to dust!
You feel blessed for a moment!
It was a scroll of remove curse!
The leopard gecko bites you! * * * don't die
* * * The goblin closely misses you!
The hobgoblin hits you with a club! rip

Action                   || total
-------------------------++-------
Melee: Unarmed           ||   119
  Use: Scroll            ||     1
 Stab: Sleeping          ||     4
Dodge: Dodged            ||    83

Vault maps used:
D:1:      dpeg_arrival_subterranean_lakeside_camping, st_stairs_13
D:2:      overflow_temple_1_default, hangedman_feature_mirror, uniq_robin,
          uniq_natasha, uniq_sigmund, uniq_jessica

Notes
Turn   | Place    | Note
-------+----------+-------------------------------------------
     0 | D:1      | Jamella the Mummy Monk began the quest for the Orb.
     0 | D:1      | Reached XP level 1. HP: 18/18 MP: 1/1
   287 | D:1      | Reached XP level 2. HP: 9/24 MP: 2/2
   509 | D:1      | Reached skill level 3 in Unarmed Combat
  1176 | D:1      | Reached XP level 3. HP: 29/29 MP: 3/3
  1803 | D:2      | Noticed Robin
  1925 | D:1      | Slain by a hobgoblin

Vanquished Creatures
  An ooze (D:1)
  2 dart slugs (D:1)
  An orc (D:1)
  7 bats (D:1)
  2 giant cockroaches (D:1)
  8 goblins (D:1)
  3 hobgoblins (D:1)
  3 kobolds (D:1)
  A frilled lizard (D:1)
  6 rats (D:1)
34 creatures vanquished.
